 Dungeon Crawl Stone Soup version 0.21.1-1-g345015fe64 (webtiles) character file.

303270 Kejsarherre the Warrior (level 21, -1/184 HPs)
             Began as a Barachi Fighter on Apr 30, 2018.
             Was an Initiate of Gozag.
             Killed from afar by a deep elf sorcerer (43 damage)
             ... with damnation
             ... on level 3 of the Elven Halls.
             The game lasted 03:42:09 (32349 turns).

Kejsarherre the Warrior (Barachi Fighter)          Turns: 32349, Time: 03:42:10

Health: -1/184     AC: 42    Str: 31      XL:     21   Next: 8%
Magic:  30/30      EV: 13    Int:  9 (10) God:    Gozag
Gold:   9420       SH: 31    Dex: 11      Spells: 26/32 levels left

rFire    . . .     SeeInvis +   a - +8 eudemon blade (holy)
rCold    . . .     Gourm    .   P - +8 large shield
rNeg     . . .     Faith    .   q - +12 crystal plate armour of Dishonesty {rPois}
rPois    +         Spirit   .   t - +2 hat
rElec    .         Reflect  .   Q - +2 cloak of Dishonesty {-Tele *Corrode Regen+ Slay+5}
rCorr    .         Harm     .   p - +2 pair of gloves {archery}
MR       ++...     NoTele   +   E - +1 pair of boots "Myrruf" {MR+ Dex-2 SInv}
Stlth    ..........             (no amulet)
HPRegen  0.80/turn              v - +4 ring of strength
MPRegen  0.22/turn              z - +5 ring of evasion

@: lethally poisoned (-1 -> -1), corroded, can't hop, hasted, drained, quick
A: +LOS, swims, beak, yellow scales 1, deterioration 1, slowness 1, strong 1,
strong legs 2
}: 2/15 runes: barnacled, gossamer
a: Hop, Potion Petition, Call Merchant, Bribe Branch, Renounce Religion


You were on level 3 of the Elven Halls.
You worshipped Gozag.
Gozag was greatly pleased with you.
You were not hungry.

You visited 7 branches of the dungeon, and saw 32 of its levels.
You visited the Abyss 2 times.
You visited 1 bazaar.
You also visited: Sewer and Ice Cave.

You collected 14181 gold pieces.
You spent 3191 gold pieces at shops.
You paid 1570 gold pieces to Gozag.

Inventory:

Hand Weapons
 a - a +8 eudemon blade of holy wrath (weapon)
 b - a +0 hand axe of flaming
Armour
 p - a +2 pair of gloves of archery (worn)
 q - the +12 crystal plate armour of Dishonesty (worn) {rPois}
   (You acquired it on level 4 of the Spider Nest)

   It protects you from poison.
 t - a +2 hat (worn)
 E - the +1 pair of boots "Myrruf" (worn) {MR+ Dex-2 SInv}
   (You bought it in a shop on level 3 of the Lair of Beasts)

   It affects your dexterity (-2).
   It affects your resistance to hostile enchantments.
   It lets you see invisible.
 P - a +8 large shield (worn)
 Q - the +2 cloak of Dishonesty (worn) {-Tele *Corrode Regen+ Slay+5}
   (You bought it in a shop on level 3 of the Lair of Beasts)

   It affects your accuracy and damage with ranged weapons and melee attacks
   (+5).
   It prevents most forms of teleportation.
   It increases your rate of regeneration.
   It may corrode you when you take damage.
Jewellery
 d - an uncursed amulet of rage
 n - an uncursed ring of protection from magic
 s - an uncursed ring of see invisible
 v - a +4 ring of strength (left hand)
 z - a +5 ring of evasion (right hand)
 S - an uncursed ring of resist corrosion
 T - the ring "Ateunur" {rN+ Slay+6, unknown}
   (You took it off a deep elf annihilator on level 3 of the Elven Halls)

   [ring of slaying]

   It affects your accuracy and damage with ranged weapons and melee attacks
   (+6).
   It protects you from negative energy.
 W - an uncursed ring of positive energy
 Y - an uncursed ring of protection from fire
Wands
 y - a wand of disintegration (35)
 C - a wand of iceblast (22)
 J - a wand of digging (27)
 L - a wand of paralysis (25)
 U - a wand of acid (27)
Scrolls
 c - a scroll of holy word
 e - 11 scrolls of remove curse
 g - 3 scrolls of enchant armour
 h - a scroll of summoning
 k - 2 scrolls of blinking
 l - 4 scrolls of magic mapping
 o - 21 scrolls of teleportation
 w - a scroll of fog
 G - 2 scrolls of silence
 I - 4 scrolls of fear
 M - a scroll of enchant weapon
 O - 16 scrolls of identify
Potions
 i - a potion of heal wounds
 j - 2 potions of flight
 m - 4 potions of agility
 r - 8 potions of curing
 x - 4 potions of resistance
 B - 3 potions of invisibility
 F - 4 potions of brilliance
 K - 3 potions of magic
 N - 2 potions of berserk rage
 V - 5 potions of ambrosia
 X - a potion of lignification
Books
 A - Oweiret's Handbook of Evil Magic
   (You found it on level 1 of the Elven Halls)

   Spells                             Type                      Level
   a - Animate Skeleton               Necromancy                   1
   b - Pain                           Necromancy                   1
   c - Sublimation of Blood           Necromancy                   2
   d - Regeneration                   Charms/Necromancy            3
   e - Death Channel                  Necromancy                   6
 D - Ketucrue's Compendium of Helpful Transformation
   (You found it on level 4 of the Shoals)

   Spells                             Type                      Level
   a - Swiftness                      Charms/Air                   2
   b - Passwall                       Transmutation/Earth          2
   c - Ignite Poison                  Fire/Transmutation/Poison    3
   d - Excruciating Wounds            Charms/Necromancy            5
   e - Alistair's Intoxication        Transmutation/Poison         5
 H - a book of Callings

   Spells                             Type                      Level
   a - Summon Small Mammal            Summoning                    1
   b - Call Imp                       Summoning                    2
   c - Call Canine Familiar           Summoning                    3
   d - Summon Guardian Golem          Hexes/Summoning              3
   e - Summon Lightning Spire         Summoning/Air                4
   f - Summon Ice Beast               Ice/Summoning                4
 Z - Roxanne's Almanac of Earth
   (You took it off Roxanne on level 2 of the Elven Halls)

   Spells                             Type                      Level
   a - Sandblast                      Earth                        1
   b - Passwall                       Transmutation/Earth          2
   c - Statue Form                    Transmutation/Earth          6
   d - Shatter                        Earth                        9
Miscellaneous
 u - a phantom mirror
Comestibles
 f - 23 rations


   Skills:
 - Level 20.4(19.6) Fighting
 - Level 15.5(14.7) Long Blades
 - Level 9.1(10.8) Axes
   Level 10.6(11.0) Polearms
 - Level 17.5(16.8) Armour
 - Level 7.0(6.4) Dodging
 + Level 19.2(18.4) Shields
 - Level 6.0(5.4) Spellcasting
 - Level 9.4(8.8) Evocations


You had 26 spell levels left.
You knew the following spells:

 Your Spells              Type           Power        Failure   Level  Hunger
a - Statue Form           Tmut/Erth      #........    100%        6    #######


Dungeon Overview and Level Annotations

Branches:
Dungeon (12/15)            Temple (1/1) D:4            Lair (6/6) D:9
 Shoals (4/4) Lair:3       Spider (4/4) Lair:4        Slime (0/5) Lair:5
    Orc (2/2) D:11            Elf (3/3) Orc:2

Altars:
Cheibriados
Gozag
Hepliaklqana
Okawaru
Wu Jian
Xom
Yredelemnul
Zin
Jiyva

Shops:
D:9 (   D:12 [   Orc:2 [*(:   Lair:3 [   Shoals:1 (   Shoals:3 (*

Portals:
Trove: D:10 (show abyssal rune of Zot)

Annotations:
D:8 Lusmu's ghost, novice TeAr
Spider:1 1 exclusion


Innate Abilities, Weirdness & Mutations

Shadows flee at your approach. (+LOS)
You can swim through water.
You cover ground slowly.
You can hop long distances.
You have a beak for a mouth.
You are partially covered in yellow scales. (AC +2)
Your body sometimes deteriorates upon taking damage.
Your muscles are strong. (Str +2)


Message History

You feel sick.
The deep elf sorcerer gestures at you while chanting.
The bolt of acid hits you!
* * * LOW HITPOINT WARNING * * *
The acid corrodes you!
You are splashed with acid!
The acid burns!
* * * LOW HITPOINT WARNING * * *
You feel much better.
You feel sick.
Okay, then.
Items here: ( )) [ a long sword; 40 arrows; a longbow; a ring mail You feel sick.
The deep elf sorcerer is no longer moving quickly.
The deep elf death mage beckons forth a restless soul!
Things that are here:
10 arrows; a leather armour; a dagger You feel sick.
The deep elf sorcerer gestures at you while chanting.
The sphere of damnation explodes!
The damnation engulfs you!
You die...
Your body crumbles into a pile of gold.

..# #..#.......####...#####
..#.### #..#.......###.......##
..##..### #..##.....##.........#
..##....###..##.....##.........#
[...###......###...............#
)[...........# #............##.##
[.)......e..## #...............##
...........e####(...........#..##
.......)e..ee.)(@..<.......##..##
..[......*..e*(.................(
..../...##..*[.[...........#...##
.....$.....###.................##
........##.#..()..............###
####.#.###.#.............###.## #
#.....#.#.............##.#.# #
###.#.#.#...........###.# #.## ##
#.#.#.#..[........##.## #..


You could see 2 deep elf death magi, 2 deep elf sorcerers, a deep elf high
priest and 3 lost souls.

Vanquished Creatures
  Arachne (Spider:4)
  Jorgrun (Shoals:3)
  A titan (Shoals:2)
  A tentacled monstrosity (Abyss:3)
  2 deep elf master archers (Elf:3)
  The ghost of DwarfAlpaca the Metallomancer, an adept DDEE of Elyvilon (Spider:1)
  2 deep elf blademasters (Elf:3)
  A kraken (Shoals:4)
  A sphinx (D:12)
  Polyphemus (Shoals:3)
  Kirke (Spider:3)
  4 tentacled starspawn
  Roxanne (Elf:2)
  Agnes (Spider:4)
  Donald (Orc:2)
  A daeva (Abyss:4)
  The ghost of VanClaymore the Basher, an adept GrMo of Qazlal (Shoals:4)
  Ilsuiw (Shoals:4)
  3 ghost moths (Spider:4)
  2 deep elf sorcerers (Elf:3)
  An orc warlord (Orc:2)
  5 emperor scorpions
  2 deep elf elementalists (Elf:3)
  4 entropy weavers
  A stone giant (Shoals:2)
  The ghost of DildoBatman the Jinx, a journeyman FoWz of Kikubaaqudgha (Lair:4)
  The ghost of NullDivider the Unseen, a journeyman SpAr of Gozag (Shoals:1)
  5 deep elf demonologists (Elf:3)
  A white draconian (IceCv)
  6 deep elf annihilators
  2 spark wasps (Spider:4)
  A starcursed mass (Abyss:3)
  8 merfolk javelineers (Shoals:4)
  7 deep elf death magi
  An ogre mage (D:12)
  7 merfolk impalers
  Josephine (Spider:1)
  Erolcha (D:12)
  A rakshasa (Abyss:4)
  8 hydras
  An alligator snapping turtle (Shoals:3)
  3 two-headed ogres
  3 merfolk avatars (Shoals:4)
  A centaur warrior (D:12)
  5 catoblepae
  2 merfolk aquamancers (Shoals:4)
  8 death scarabs (Spider:4)
  A vampire mage (Abyss:3)
  2 satyrs
  10 death yaks
  A queen ant (Spider:3)
  Urug (Lair:4)
  4 orc high priests (Orc:2)
  14 deep elf knights
  2 wretched stars (Abyss:4)
  A sun demon (Abyss:4)
  3 skeletal warriors (D:12)
  16 sea snakes
  An unseen horror (Abyss:4)
  8 deep elf archers
  2 spectral wolf spiders (Spider:4)
  A wolf spider zombie (Spider:4)
  7 harpies
  3 orc knights
  20 orb spiders
  34 deep elf magi
  3 necromancers (Elf:1)
  4 orc sorcerers
  9 manticores
  3 ugly things
  3 moths of wrath
  29 wolf spiders
  5 cyclopes
  Maurice (D:12)
  6 black mambas
  10 fauns
  11 merfolk sirens
  2 ice statues
  9 elephants
  8 water nymphs
  A black mamba (shapeshifter) (Elf:1)
  3 torpor snails
  A smoke demon (Abyss:3)
  8 spiny frogs
  A spiny frog (shapeshifter) (Elf:1)
  A kobold demonologist (Abyss:3)
  5 spectral redbacks (Spider:4)
  3 komodo dragons
  A hellwing (Abyss:4)
  3 rime drakes
  16 demonic crawlers
  An ice devil (Abyss:4)
  4 ancient zymes
  A redback zombie (Spider:4)
  31 merfolk
  10 trolls
  39 jumping spiders
  18 polar bears (IceCv)
  A silent spectre (Abyss:4)
  2 spectral jumping spiders (Spider:4)
  6 wind drakes
  A raiju (Abyss:3)
  10 hornets
  A tarantella zombie (Spider:4)
  9 blink frogs
  Prince Ribbit (Lair:1)
  11 snapping turtles
  3 jumping spider zombies (Spider:4)
  4 slime creatures
  4 spectral tarantellas (Spider:4)
  7 hippogriffs
  8 dream sheep
  93 redbacks
  13 large abominations
  2 air elementals
  A wyvern (Lair:4)
  A vampire (Abyss:4)
  A hog (Spider:3)
  42 tarantellas
  4 wraiths
  48 yaks
  A spriggan (D:7)
  8 water elementals
  A ynoxinul (Abyss:3)
  A fire elemental (Elf:1)
  A hog (shapeshifter) (Elf:3)
  A steam dragon (D:11)
  3 basilisks
  2 chaos spawn (Abyss:4)
  Menkaure (D:6)
  9 water moccasins
  A warg (Orc:2)
  4 porcupines
  27 soldier ants (Spider:3)
  2 hornet zombies (Spider:4)
  A spectral hornet (Spider:4)
  2 ice beasts
  5 sky beasts
  28 orc warriors
  A phantom (D:8)
  A necrophage (D:6)
  15 ogres
  26 wolves
  5 centaurs
  6 crocodiles
  18 big kobolds
  An elf zombie (Elf:1)
  4 small abominations
  12 bullfrogs
  4 gnoll sergeants
  An earth elemental (Elf:1)
  A water moccasin skeleton (D:6)
  5 scorpions
  16 killer bees
  6 howler monkeys
  9 wights (D:10)
  6 electric eels
  9 crimson imps
  3 quasits
  3 bullfrog zombies
  3 centaur zombies
  6 hounds
  A bullfrog skeleton (D:11)
  2 centaur skeletons
  22 orc priests
  3 jellies
  32 orc wizards
  A gnoll shaman (D:7)
  4 iguanas
  5 hell rats
  25 worker ants
  2 hound zombies
  A howler monkey zombie (D:6)
  A worker ant zombie (D:11)
  20 gnolls
  A river rat (Sewer)
  23 adders
  A shadow imp (D:11)
  13 white imps
  4 oozes (Sewer)
  An adder zombie (D:9)
  3 adder skeletons
  4 worms
  A dart slug (D:3)
  7 leopard geckos
  80 orcs
  3 bats
  7 giant cockroaches
  4 goblins
  4 hobgoblins
  14 jackals
  7 quokkas
  4 ball pythons
  2 frilled lizards (D:1)
  19 kobolds
  8 rats
  5 fungi
  8 plants
  2 tentacles (Shoals:4)
1372 creatures vanquished.

Vanquished Creatures (others)
  21 dancing weapons
  A human (Spider:3)
  A yak (IceCv)
  A chaos spawn (Abyss:3)
  An orc priest (D:5)
  A worker ant (Spider:3)
  4 orcs (D:5)
  15 fungi
  9 plants
  11 starspawn tentacles
  6 tentacles (Shoals:4)
71 creatures vanquished.

Grand Total: 1443 creatures vanquished

Notes
Turn   | Place    | Note
-------+----------+-------------------------------------------
     0 | D:1      | Kejsarherre the Barachi Fighter began the quest for the Orb.
     0 | D:1      | Reached XP level 1. HP: 18/18 MP: 1/1
   378 | D:1      | Reached XP level 2. HP: 22/25 MP: 2/2
   438 | D:1      | Reached skill level 4 in Fighting
   570 | D:2      | Reached XP level 3. HP: 10/30 MP: 3/3
   994 | D:2      | Reached XP level 4. HP: 26/38 MP: 4/4
  1393 | D:3      | Reached XP level 5. HP: 40/43 MP: 5/5
  1423 | D:4      | Reached skill level 5 in Axes
  1526 | D:4      | Reached skill level 5 in Fighting
  1531 | D:4      | Found a staircase to the Ecumenical Temple.
  1545 | Temple   | Entered the Ecumenical Temple
  1554 | Temple   | Became a worshipper of Gozag Ym Sagoz the Greedy
  1606 | D:4      | Found a glowing drain.
  1655 | Sewer    | Entered a sewer
  1692 | Sewer    | Reached XP level 6. HP: 46/51 MP: 6/6
  2083 | Sewer    | Reached XP level 7. HP: 56/56 MP: 7/7
  2867 | D:3      | Reached XP level 8. HP: 61/64 MP: 8/8
  3000 | D:5      | Entered Level 5 of the Dungeon
  3034 | D:5      | Reached skill level 1 in Dodging
  3506 | D:6      | Noticed Menkaure
  3517 | D:6      | Killed Menkaure
  3517 | D:6      | Reached skill level 5 in Shields
  3674 | D:6      | Got a warped bone ring
  3679 | D:6      | Identified the ring "Ohamun" {+Fly Int+3} (You found it on level 6 of the Dungeon)
  3891 | D:6      | Reached skill level 5 in Dodging
  3925 | D:6      | Reached XP level 9. HP: 44/69 MP: 9/9
  4900 | D:8      | Noticed a troll
  4917 | D:8      | Killed a troll
  4963 | D:8      | Noticed Lusmu's ghost (novice TeAr)
  6017 | D:8      | Reached skill level 5 in Armour
  6024 | D:8      | Reached XP level 10. HP: 65/76 MP: 10/10
  6494 | D:9      | Bought a twisted glaive for 402 gold pieces
  6499 | D:9      | Identified the +9 glaive of Nezixe Xoucs {chop, *Corrode rF+ Int+2} (You bought it in a shop on level 9 of the Dungeon)
  6619 | D:9      | Reached skill level 1 in Polearms
  6881 | D:9      | Found a staircase to the Lair.
  7205 | D:10     | Entered Level 10 of the Dungeon
  7304 | D:10     | Found a portal to a secret trove of treasure.
  7568 | D:10     | Reached skill level 5 in Polearms
  8167 | D:9      | Found a basalt altar of Yredelemnul.
  8167 | D:9      | Noticed a two-headed ogre
  8199 | D:9      | Reached XP level 11. HP: 42/81 MP: 11/11
  8202 | D:9      | Killed a two-headed ogre
  8221 | D:9      | Found a shimmering altar of Xom.
  8221 | D:9      | Found a glowing silver altar of Zin.
  8371 | Lair:1   | Entered Level 1 of the Lair of Beasts
  8410 | Lair:1   | Reached skill level 6 in Fighting
  9275 | Lair:2   | Noticed Prince Ribbit
  9491 | Lair:1   | Killed Prince Ribbit
  9854 | Lair:3   | Reached skill level 7 in Fighting
 10022 | Lair:2   | Reached skill level 8 in Fighting
 10060 | Lair:3   | Found a runed door.
 10163 | Lair:3   | Reached skill level 9 in Fighting
 10174 | Lair:3   | Found a frozen archway.
 10187 | IceCv    | Entered an ice cave
 10446 | IceCv    | Reached skill level 10 in Fighting
 11914 | IceCv    | Reached XP level 12. HP: 78/99 MP: 12/12
 11957 | IceCv    | Reached skill level 11 in Fighting
 12047 | IceCv    | Reached skill level 12 in Fighting
 12198 | IceCv    | Reached skill level 13 in Fighting
 12290 | IceCv    | Noticed a death yak
 12290 | IceCv    | Noticed a white draconian
 12317 | IceCv    | Killed a white draconian
 12334 | IceCv    | Reached skill level 14 in Fighting
 12350 | IceCv    | Killed a death yak
 12859 | Lair:3   | Noticed a four-headed hydra
 12868 | Lair:3   | Killed a one-headed hydra
 12868 | Lair:3   | Reached skill level 15 in Fighting
 12936 | Lair:3   | Gained mutation: You can hop long distances. [Barachi growth]
 12936 | Lair:3   | Reached XP level 13. HP: 98/116 MP: 13/13
 13415 | Lair:3   | Bought a pair of heavily runed boots for 247 gold pieces
 13415 | Lair:3   | Bought a heavily runed plate armour for 728 gold pieces
 13415 | Lair:3   | Bought a spiked cloak for 247 gold pieces
 13421 | Lair:3   | Identified the +1 pair of boots "Myrruf" {MR+ Dex-2 SInv} (You bought it in a shop on level 3 of the Lair of Beasts)
 13431 | Lair:3   | Identified the +2 cloak of Dishonesty {-Tele *Corrode Regen+ Slay+5} (You bought it in a shop on level 3 of the Lair of Beasts)
 13451 | Lair:3   | Identified the +5 plate armour "Qaefur" {rCorr} (You bought it in a shop on level 3 of the Lair of Beasts)
 13457 | Lair:3   | Bought a pair of embroidered boots for 195 gold pieces
 13457 | Lair:3   | Bought a pair of embroidered gloves for 195 gold pieces
 13694 | Lair:4   | Noticed Urug
 13703 | Lair:4   | Killed Urug
 13703 | Lair:4   | Reached skill level 16 in Fighting
 13790 | Lair:4   | Got a translucent hunting sling
 13854 | Lair:4   | Found a hole to the Spider Nest.
 14084 | Lair:5   | Reached skill level 17 in Fighting
 14183 | Lair:5   | Found a viscous altar of Jiyva.
 14184 | Lair:5   | Found a staircase to the Slime Pits.
 14470 | Lair:6   | Entered Level 6 of the Lair of Beasts
 14575 | Lair:6   | Reached skill level 18 in Fighting
 14803 | Lair:6   | Reached XP level 14. HP: 117/131 MP: 14/14
 14895 | Lair:6   | Identified the +4 hunting sling of the Queen {venom, rElec rC+ Int-5} (You found it on level 4 of the Lair of Beasts)
 14943 | Lair:6   | Reached skill level 19 in Fighting
 15448 | Lair:6   | Reached skill level 20 in Fighting
 16051 | D:10     | Gained mutation: You are partially covered in yellow scales. (AC +2) [potion of mutation]
 16051 | D:10     | Gained mutation: You expend magic power (3 MP) to strengthen your wands. [potion of mutation]
 16051 | D:10     | Gained mutation: You are agile. (Dex +2) [potion of mutation]
 16215 | D:10     | Reached XP level 15. HP: 134/142 MP: 14/24
 16520 | D:11     | Found a staircase to the Orcish Mines.
 16574 | D:11     | Found a runed door.
 16589 | D:11     | Noticed a sphinx
 16596 | D:11     | Noticed Erolcha
 16737 | D:12     | Reached skill level 10 in Polearms
 16762 | D:12     | Killed Erolcha
 16815 | D:12     | Killed a sphinx
 16860 | D:11     | Got a bloodstained fustibalus
 16862 | D:11     | Got a dazzling great sword
 16878 | D:11     | Identified the +5 fustibalus "Ogrebane" {venom, Dex+6} (You found it on level 11 of the Dungeon)
 16879 | D:11     | Identified the +4 great sword of Cruel Justice {venom, rElec Str+4 Int-3} (You found it on level 11 of the Dungeon)
 16980 | Orc:1    | Entered Level 1 of the Orcish Mines
 17371 | Orc:2    | Entered Level 2 of the Orcish Mines
 17371 | Orc:2    | Noticed Donald
 17410 | Orc:2    | Killed Donald
 17410 | Orc:2    | Reached skill level 10 in Armour
 17410 | Orc:2    | Reached XP level 16. HP: 137/150 MP: 25/25
 17517 | Orc:2    | Found a staircase to the Elven Halls.
 18182 | Orc:2    | Found Tefracw's General Store.
 18183 | Orc:2    | Found Zoigom's Book Shoppe.
 18187 | Orc:2    | Found Samigo's Antique Armour Emporium.
 18187 | Orc:2    | Found Fihotole's Antique Weapon Emporium.
 18243 | Orc:2    | Bought a pair of runed gloves for 187 gold pieces
 18243 | Orc:2    | Bought a glowing hat for 175 gold pieces
 18290 | Orc:2    | Bought a potion of mutation for 136 gold pieces
 18290 | Orc:2    | Lost mutation: You expend magic power (3 MP) to strengthen your wands. [potion of mutation]
 18290 | Orc:2    | Lost mutation: You are agile. (Dex +2) [potion of mutation]
 18290 | Orc:2    | Gained mutation: You have a beak for a mouth. [potion of mutation]
 18290 | Orc:2    | Gained mutation: Your body sometimes deteriorates upon taking damage. [potion of mutation]
 18290 | Orc:2    | Gained mutation: Your muscles are strong. (Str +2) [potion of mutation]
 18503 | D:11     | Found an ornate altar of the Wu Jian Council.
 18560 | D:11     | Paralysed by a hornet for 3 turns
 18610 | D:11     | Found a gateway to a bazaar.
 18627 | Bazaar   | Entered a bazaar
 18641 | Bazaar   | Found Baaqaz's Antique Armour Shoppe.
 18664 | Bazaar   | Found Lesaosil's Gadget Shoppe.
 18664 | Bazaar   | Found Jekybuumn's Magic Scroll Emporium.
 18676 | Bazaar   | Bought a scroll of enchant armour for 90 gold pieces
 18676 | Bazaar   | Bought a scroll of enchant weapon for 90 gold pieces
 18676 | Bazaar   | Bought a scroll of holy word for 90 gold pieces
 18676 | Bazaar   | Bought a scroll of blinking for 90 gold pieces
 18676 | Bazaar   | Bought a scroll of summoning for 114 gold pieces
 18695 | Bazaar   | Found Hiebb's Weapon Shoppe.
 19242 | D:12     | Identified a scroll of acquirement
 19307 | D:12     | Noticed Maurice
 19321 | D:12     | Killed Maurice
 19495 | D:12     | Found Wuiblo Sets's Antique Armour Boutique.
 19680 | Spider:1 | Entered Level 1 of the Spider Nest
 19776 | Spider:1 | Noticed Josephine
 19777 | Spider:1 | Noticed DwarfAlpaca's ghost (adept DDEE)
 19786 | Spider:1 | Killed Josephine
 20028 | Spider:1 | Cast into level 3 of the Abyss (DwarfAlpaca's ghost)
 20028 | Abyss:3  | Found a corrupted altar of Lugonu.
 20036 | Abyss:3  | Noticed a tentacled starspawn
 20041 | Abyss:3  | Killed a tentacled starspawn
 20044 | Abyss:3  | Noticed a tentacled monstrosity
 20051 | Abyss:3  | Killed a tentacled monstrosity
 20137 | Abyss:3  | Noticed a tentacled starspawn
 20158 | Abyss:3  | Killed a tentacled starspawn
 20158 | Abyss:3  | Reached skill level 15 in Armour
 20170 | Abyss:3  | Found a corrupted altar of Lugonu.
 20180 | Spider:1 | Escaped the Abyss
 20309 | Lair:4   | Noticed DildoBatman's ghost (journeyman FoWz)
 20320 | Lair:4   | Killed DildoBatman's ghost
 20421 | Spider:1 | You fall through a shaft!
 20474 | Spider:2 | Reached XP level 17. HP: 63/156 MP: 26/26
 20974 | Spider:1 | Reached skill level 1 in Evocations
 21372 | Spider:1 | Cast into level 3 of the Abyss (DwarfAlpaca's ghost)
 21445 | Abyss:3  | Noticed a tentacled starspawn
 21528 | Abyss:4  | Reached skill level 5 in Evocations
 21541 | Abyss:4  | Noticed a tentacled starspawn
 21548 | Abyss:4  | Killed a tentacled starspawn
 21670 | Abyss:4  | Noticed a tentacled starspawn
 21679 | Abyss:4  | Killed a tentacled starspawn
 21720 | Spider:1 | Escaped the Abyss
 21892 | Spider:1 | Killed DwarfAlpaca's ghost
 22263 | Spider:3 | Noticed Kirke
 22429 | Spider:3 | Reached skill level 1 in Long Blades
 22603 | Spider:3 | Reached skill level 5 in Long Blades
 22778 | Spider:3 | Reached XP level 18. HP: 126/164 MP: 27/27
 22896 | Spider:3 | Killed Kirke
 23282 | Spider:4 | Entered Level 4 of the Spider Nest
 23441 | Spider:4 | Noticed Arachne
 23453 | Spider:4 | Killed Arachne
 23750 | Spider:4 | Reached skill level 10 in Long Blades
 23779 | Spider:4 | Got an ancient crystal plate armour
 23790 | Spider:4 | Identified the +12 crystal plate armour of Dishonesty {rPois} (You acquired it on level 4 of the Spider Nest)
 24109 | Spider:4 | Noticed Agnes
 24118 | Spider:4 | Killed Agnes
 24868 | Spider:4 | Got a gossamer rune of Zot
 26320 | Lair:3   | Found a staircase to the Shoals.
 26331 | Shoals:1 | Entered Level 1 of the Shoals
 26543 | Shoals:1 | Reached skill level 15 in Long Blades
 26545 | Shoals:1 | Reached XP level 19. HP: 167/170 MP: 28/28
 26703 | Shoals:1 | Noticed NullDivider's ghost (journeyman SpAr)
 26718 | Shoals:1 | Killed NullDivider's ghost
 26735 | Shoals:1 | Found Raebbyps's Weapon Shop.
 27018 | Shoals:2 | Reached skill level 10 in Shields
 27369 | Shoals:3 | Found Eqiuci's Antique Weapon Shoppe.
 27621 | Shoals:3 | Noticed Polyphemus
 27635 | Shoals:3 | Killed Polyphemus
 27738 | Shoals:3 | Noticed Jorgrun
 27747 | Shoals:3 | Killed Jorgrun
 27758 | Shoals:3 | Found Wiajonoff's Assorted Antiques.
 27787 | Shoals:3 | Bought a thin cameo amulet for 205 gold pieces
 27819 | Shoals:4 | Entered Level 4 of the Shoals
 27860 | Shoals:4 | Noticed VanClaymore's ghost (adept GrMo)
 28085 | Shoals:4 | Killed VanClaymore's ghost
 28421 | Shoals:4 | Noticed Ilsuiw
 28444 | Shoals:4 | Killed Ilsuiw
 28517 | Shoals:4 | Reached skill level 15 in Shields
 28569 | Shoals:4 | Reached XP level 20. HP: 171/178 MP: 29/29
 28752 | Shoals:4 | Got a barnacled rune of Zot
 28881 | Shoals:4 | Identified Ketucrue's Compendium of Helpful Transformation
 29170 | Elf:1    | Entered Level 1 of the Elven Halls
 29506 | Elf:1    | Identified Oweiret's Handbook of Evil Magic
 30174 | Elf:2    | Found a huge runed gate.
 30174 | Elf:2    | Found a huge runed gate.
 30174 | Elf:2    | Found a huge runed gate.
 30174 | Elf:2    | Found a huge runed gate.
 30174 | Elf:2    | Found a huge runed gate.
 30432 | Elf:2    | Noticed Roxanne
 30518 | Elf:2    | Killed Roxanne
 30519 | Elf:2    | Identified Roxanne's Almanac of Earth (You took it off Roxanne on level 2 of the Elven Halls)
 30529 | Elf:2    | Learned a level 6 spell: Statue Form
 31208 | Elf:3    | Entered Level 3 of the Elven Halls
 31961 | Elf:3    | Got a scorched wooden ring
 32137 | Elf:2    | Reached XP level 21. HP: 176/184 MP: 30/30
 32349 | Elf:3    | Killed from afar by a deep elf sorcerer

Skill      XL: |  1  2  3  4  5  6  7  8  9 10 11 12 13 14 15 16 17 18 19 20 21 |
---------------+----------------------------------------------------------------+-----
Fighting       | 4 5 10 15 18 20 | 20.4
Axes           | 3 4 5 7 9 |  9.1
Dodging        | 5 7 |  7.0
Shields        | 5 9 15 18 19 | 19.2
Armour         | 5 7 8 10 16 17 | 17.5
Polearms       | 6 9 10 | 10.6
Spellcasting   | 6 |  6.0
Evocations     | 9 |  9.4
Long Blades    | 6 15 | 15.5

Action                   |  1- 3 |  4- 6 |  7- 9 | 10-12 | 13-15 | 16-18 | 19-21 || total
-------------------------+-------+-------+-------+-------+-------+-------+-------++-------
Melee: War axe           |    77 |   197 |   136 |       |       |       |       ||   410
       Hand axe          |       |       |   422 |    82 |    55 |     6 |       ||   565
       Glaive            |       |       |       |   528 |   584 |   830 |       ||  1942
       Peck              |       |       |       |       |       |   370 |   308 ||   678
       Eudemon blade     |       |       |       |       |       |   839 |  1155 ||  1994
Invok: Call Merchant     |       |       |       |     1 |     1 |       |       ||     2
       Potion Petition   |       |       |       |     1 |       |       |       ||     1
 Abil: Hop               |       |       |     3 |     4 |     5 |     8 |     6 ||    26
       Evoke Berserk Rag |       |       |       |       |       |     1 |       ||     1
Evoke: Wand              |       |       |       |    42 |     1 |    11 |    29 ||    83
  Use: Scroll            |       |     1 |    14 |     6 |     5 |     9 |     9 ||    44
       Potion            |       |       |     9 |       |     2 |     7 |     5 ||    23
 Stab: Distracted        |       |       |     2 |     9 |     6 |    12 |     8 ||    37
       Invisible         |       |       |       |     4 |       |     1 |       ||     5
  Eat: Chunk             |       |     3 |       |     3 |       |       |       ||     6
       Ration            |       |     1 |     4 |     6 |     6 |    11 |     6 ||    34
Armor: Scale mail        |    31 |    66 |   105 |       |       |       |       ||   202
       Chain mail        |       |       |   124 |   146 |       |       |       ||   270
       Plate armour      |       |       |       |    76 |   426 |   818 |       ||  1320
       Crystal plate arm |       |       |       |       |       |   233 |   416 ||   649
Dodge: Dodged            |    30 |    50 |   129 |   391 |   478 |  1019 |   237 ||  2334
Block: Shield            |    36 |    81 |   276 |    45 |       |       |       ||   438
       Large shield      |       |       |       |       |       |   837 |  1147 ||  1984
       Rpst.: Eudemon blade |       |       |       |       |       |    63 |    30 ||    93
